Map: New Gettysburg LE

Players

Fropez

  • Race: Protoss Protoss
  • League: Gold
  • Spawn Location: 5:00

Wraith - Winner!

  • Race: Zerg Zerg
  • League: Gold
  • Spawn Location: 7:00

VOD

Have the link to the VOD?

Description

Time

  • Played on: Sept. 30, 2016, 10:23 a.m.
  • Length: 8:11
Show
View Real Time Build Order
Export as new Build Order

Fropez Protoss 

Build Orders:  

Get SALT Encoding   

  12  0:01  Probe (Chrono Boost)  
  13  0:12  Probe (Chrono Boost)  
  14  0:22  Pylon  
  14  0:23  Probe (Chrono Boost)  
  15  0:40  Probe (Chrono Boost)  
  15  0:41  Gateway  
  16  0:48  Assimilator  
  16  0:50  Probe (Chrono Boost)  
  17  1:01  Probe (Chrono Boost)  
  18  1:08  Gateway  
  18  1:15  Probe (Chrono Boost)  
  18  1:17  Pylon  
  19  1:23  Pylon  
  19  1:33  Pylon  
  18  1:41  Probe (Chrono Boost)  
  18  2:02  Cybernetics Core  
  18  2:12  Nexus, Assimilator  
  18  2:13  Probe (Chrono Boost)  
  19  2:25  Pylon  
  19  2:27  Probe (Chrono Boost)  
  20  2:38  Adept, Probe (Chrono Boost)  
  20  2:43  Adept  
  25  2:47  Warp Gate (Chrono Boost)  
  25  2:53  Mothership Core  
  27  3:11  Adept  
  29  3:14  Probe  
  30  3:23  Probe  
  30  3:27  Probe  
  32  3:33  Probe  
  32  3:39  Probe  
  34  3:43  Twilight Council  
  34  3:44  Probe  
  35  3:48  Pylon  
  35  3:51  Probe  
  36  4:00  Pylon  
  34  4:16  Probe  
  34  4:18  Probe  
  34  4:19  Resonating Glaives (Chrono Boost)  
  34  4:21  Gateway  
  34  4:23  Pylon  
  34  4:44  Probe x2, Gateway  
  34  4:45  Gateway  
  34  4:52  Robotics Facility  
  34  5:00  Probe x2  
  34  5:02  Pylon  
  34  5:04  Adept  
  34  5:06  Adept  
  40  5:13  Probe  
  40  5:21  Adept  
  42  5:22  Probe  
  42  5:26  Probe  
  44  5:32  Probe  
  45  5:38  Probe  
  45  5:41  Warp Prism (Chrono Boost)  
  48  5:43  Probe  
  48  5:48  Assimilator  
  49  5:50  Probe, Assimilator  
  49  5:53  Probe  
  47  5:59  Adept x5  
  57  6:04  Probe  
  57  6:05  Probe  
  59  6:15  Probe  
  59  6:17  Pylon  
  60  6:19  Dark Shrine  
  60  6:32  Stalker x4  
  60  6:48  Probe  
  60  6:49  Probe  
  60  6:59  Probe  
  61  7:02  Probe  
  61  7:06  Gateway  
  61  7:07  Gateway  
  61  7:08  Pylon  
  62  7:09  Probe  
  62  7:11  Pylon  
  62  7:14  Probe  
  64  7:19  Pylon  
  64  7:23  Nexus  
  64  7:37  Probe  
  64  7:38  Probe  
  64  7:40  Dark Templar x4  
  64  7:41  Dark Templar  
  74  7:50  Probe  
  74  7:52  Probe  
  76  7:58  Gateway  
  76  8:00  Gateway  
  78  8:07  Pylon  
Show
View Real Time Build Order
Export as new Build Order

Wraith Zerg - Winner!

Build Orders: Hatch First 

Get SALT Encoding   

  12  0:01  Drone  
  13  0:14  Overlord  
  13  0:18  Drone  
  14  0:32  Drone  
  14  0:33  Drone  
  16  0:43  Drone  
  17  0:54  Hatchery  
  17  0:57  Drone  
  17  1:02  Extractor  
  16  1:16  Spawning Pool  
  15  1:46  Drone x3  
  18  2:08  Queen  
  18  2:14  Drone  
  21  2:22  Drone  
  22  2:28  Drone  
  23  2:35  Queen  
  25  2:41  Overlord  
  25  2:50  Drone x2  
  27  3:10  Drone  
  27  3:11  Drone x2  
  30  3:18  Drone x2  
  32  3:20  Drone  
  33  3:33  Drone x2  
  33  3:34  Hatchery  
  34  3:35  Extractor  
  34  3:41  Drone  
  34  3:47  Lair  
  34  3:49  Drone x2  
  36  4:01  Roach Warren  
  34  4:10  Zergling x4  
  36  4:38  Overlord  
  36  4:39  Overlord  
  36  4:43  Metabolic Boost  
  36  4:45  Queen  
  38  4:51  Drone x2  
  40  4:57  Queen, Drone x2  
  40  4:59  Overlord  
  44  5:00  Pneumatized Carapace, Glial Reconstitution  
  44  5:04  Drone x3  
  47  5:18  Roach x5  
  47  5:21  Drone  
  58  5:22  Drone  
  59  5:34  Drone  
  60  5:36  Extractor, Overlord  
  60  5:38  Extractor  
  58  5:52  Drone  
  58  5:53  Drone x2  
  59  6:01  Drone x3  
  62  6:12  Roach  
  62  6:13  Roach x5  
  73  6:31  Zergling x2  
  71  6:58  Evolution Chamber  
  71  6:59  Ravager  
  71  7:00  Ravager x3, Evolution Chamber  
  73  7:01  Overlord x3  
  73  7:02  Overlord x2  
  73  7:03  Overseer  
  73  7:04  Overseer  
  73  7:10  Drone  
  74  7:21  Ravager  
  74  7:22  Ravager x3  
  78  7:24  Drone x2  
  78  7:25  Drone  
  78  7:27  Drone x3  
  78  7:28  Overlord  
  78  7:29  Overlord x2  
  84  7:30  Drone x5  
  84  7:31  Drone x2  
  91  7:42  Zergling x2  
  91  7:43  Zergling x4  
  94  7:46  Extractor  
  94  7:48  Extractor  
  94  7:51  Hydralisk Den  
  91  7:55  Drone  
  91  7:56  Drone x2  
  91  7:58  Spore Crawler  
Tags
 
League
GoldGold
Matchup
PvZ
Replay Pack
All Mines
Spawn Locations
Close Positions
Add a new tag
Caveats
  • Supply blocks, unpowered buildings, or Contaminate may cause inaccurate times.
  • Supply counts are checked every 10 seconds.